 Dungeon Crawl Stone Soup version 0.30.1-4-g462c640d31 (webtiles) character file.

Game seed: 6936192796621921256

176 wingedge the Digger (level 5, 0/38 HPs)
             Began as a Demigod Earth Elementalist on Sept 4, 2023.
             Slain by a gnoll
             ... wielding a +0 spear
              (3 damage)
             ... on level 4 of the Dungeon.
             The game lasted 00:07:42 (3058 turns).

wingedge the Digger (Demigod Earth Elementalist)    Turns: 3058, Time: 00:07:43

Health: 0/38       AC:  2    Str:  9    XL:     5   Next: 8%
Magic:  0/10       EV: 12    Int: 21    God:
Gold:   245        SH:  0    Dex: 14    Spells: 1/8 levels left

rFire   . . .        a - +3 dagger
rCold   . . .        (no shield)
rNeg    . . .        l - +0 robe
rPois   .            (no helmet)
rElec   .            (no cloak)
rCorr   .            (no gloves)
SInv    .            (no boots)
Will    .....        (no amulet)
Stlth   ++           (no ring)
HPRegen 0.26/turn    (no ring)
MPRegen 0.12/turn

%: no passive effects
@: very slightly contaminated
A: high MP 1, forlorn, divine attributes
a: no special abilities


You were on level 4 of the Dungeon.
You visited 1 branch of the dungeon, and saw 4 of its levels.

You collected 245 gold pieces.

Inventory:

Hand Weapons
 a - a +3 dagger (weapon)
Armour
 l - a +0 robe (worn)
 p - a +0 leather armour
 q - a +0 ring mail
Magical Staves
 g - a staff of cold
Scrolls
 c - a scroll of identify {unknown}
 f - a scroll of teleportation {unknown}
 h - a scroll of fear {unknown}
 k - 2 scrolls of enchant weapon {unknown}
 n - a scroll of magic mapping {unknown}
 s - a scroll of vulnerability {unknown}
Potions
 d - 3 potions of heal wounds {unknown}
 e - 2 potions of might {unknown}
 i - a potion of ambrosia {unknown}
 j - 3 potions of curing {unknown}
 m - a potion of lignification {unknown}
 o - a potion of haste {unknown}
 r - a potion of cancellation {unknown}


   Skills:
 + Level 0.2 Fighting
 + Level 1.8 Dodging
 + Level 1.8 Stealth
 - Level 2.0 Spellcasting
 + Level 2.7 Conjurations
 + Level 1.4 Summonings
 - Level 0.8 Transmutations
 - Level 4.0 Earth Magic


You had one spell level left.
You knew the following spells:

 Your Spells              Type           Power      Damage    Failure   Level
a - Sandblast             Erth           36%        2d10      2%          1
b - Stone Arrow           Conj/Erth      32%        3d9       11%         3
c - Call Canine Familiar  Summ           8%         N/A       24%         3

Your spell library contained the following spells:

 Spells                   Type           Power      Damage    Failure   Level
 Summon Small Mammal      Summ           32%        N/A       9%          1
 Passwall                 Tmut/Erth      10%        N/A       9%          2
 Poisonous Vapours        Pois/Air       4%         N/A       22%         2
 Mephitic Cloud           Conj/Pois/Air  5%         N/A       30%         3
 Summon Guardian Golem    Hex/Summ       5%         N/A       32%         3
 Ozocubu's Armour         Ice            2%         N/A       41%         3
 Petrify                  Tmut/Erth      12%        N/A       47%         4
 Freezing Cloud           Conj/Ice/Air   2%         6-21      96%         5
 Metabolic Englaciation   Hex/Ice        1%         N/A       99%         5
 Simulacrum               Ice/Necr       1%         N/A       100%        6


Dungeon Overview and Level Annotations

Branches:
Dungeon (4/15)
 Temple: D:4-7

Annotations:
D:4 Edmund


Innate Abilities, Weirdness & Mutations

You have an increased reservoir of magic. (+10% MP)
You shall have no god before yourself.
Your divine heritage dramatically boosts your attributes as you level up.


Message History

Press: ? - help, Shift-Dir - straight line, f/p - Edmund
Aim: Edmund, wielding a +2 dire flail of holy wrath and wearing a +3 chain mail of willpower (lightly wounded, 77% to hit)
The stone arrow hits Edmund!
Edmund is heavily wounded.
Edmund barely misses you. The gnoll closely misses you.
Casting: Stone Arrow (dangerous; 11% risk of failure)
Confirm with . or Enter, or press ? or * to list all spells.
Aiming: Stone Arrow (dangerous; 11% risk of failure)
Press: ? - help, Shift-Dir - straight line, f/p - Edmund
Aim: Edmund, wielding a +2 dire flail of holy wrath and wearing a +3 chain mail of willpower (heavily wounded, 77% to hit)
The stone arrow hits Edmund!
Edmund is severely wounded.
Edmund hits you with a +2 dire flail of holy wrath.
* * * LOW HITPOINT WARNING * * *
The gnoll completely misses you. The gnoll misses you.
Casting: Stone Arrow (dangerous; 11% risk of failure)
Confirm with . or Enter, or press ? or * to list all spells.
Aiming: Stone Arrow (dangerous; 11% risk of failure)
Press: ? - help, Shift-Dir - straight line, f/p - Edmund
Aim: Edmund, wielding a +2 dire flail of holy wrath and wearing a +3 chain mail of willpower (severely wounded, 77% to hit)
The stone arrow misses Edmund.
The stone arrow hits the gnoll!!
You kill the gnoll!
Edmund barely misses you.
The gnoll hits you from afar with a +0 spear.
* * * LOW HITPOINT WARNING * * *
Casting: Stone Arrow (dangerous; 11% risk of failure)
Confirm with . or Enter, or press ? or * to list all spells.
Aiming: Sandblast (safe; 2% risk of failure)
Press: ? - help, Shift-Dir - straight line, f/p - Edmund
Aim: Edmund, wielding a +2 dire flail of holy wrath and wearing a +3 chain mail of willpower (severely wounded, 87% to hit)
The blast of sand hits Edmund.
Edmund is almost dead.
Edmund closely misses you.
A gnoll comes into view. It is wielding a +0 whip.
The gnoll hits you from afar with a +0 spear.
* * * LOW HITPOINT WARNING * * *
Edmund hits you with a +2 dire flail of holy wrath.
* * * LOW HITPOINT WARNING * * *
The gnoll hits you from afar with a +0 spear.
You die...

#.. #.. #.##+# #+#
#.##.# #.# #.#
#####.##.###.### #.#
.......g.......# #.#
#.###.##.###.#g###
#.# .)#
#.##.###g....# #.#
.## #.##.....#)@@#
#.# g
#.##..#..#.#.####.#
.
#.##..#..........<##
.
..##..##.....).....#
.
..##..##.....#####.#
g ..##..##.#..... .#
..........### .#
#.........# .#
...#.#.### .#


You could see Edmund and 2 gnolls.

Vanquished Creatures
  A jelly (D:3)
  An orc wizard (D:3)
  2 gnolls (D:4)
  3 adders
  14 orcs
  3 endoplasms
  A giant cockroach (D:2)
  7 goblins
  7 hobgoblins
  A quokka (D:2)
  8 ball pythons
  4 bats
  5 kobolds
  4 rats
61 creatures vanquished.

Notes
Turn   | Place    | Note
-------+----------+-------------------------------------------
     0 | D:1      | wingedge the Demigod Earth Elementalist began the quest for
                  | the Orb.
     0 | D:1      | Reached XP level 1. HP: 14/14 MP: 5/5
   829 | D:1      | Reached XP level 2. HP: 20/20 MP: 4/7
   976 | D:2      | Reached skill level 1 in Conjurations
   976 | D:2      | Reached skill level 3 in Earth Magic
  1172 | D:2      | Reached XP level 3. HP: 26/26 MP: 5/8
  1200 | D:2      | Learned a level 3 spell: Stone Arrow
  1980 | D:3      | Reached XP level 4. HP: 33/33 MP: 6/9
  2212 | D:3      | Reached skill level 1 in Summonings
  2562 | D:3      | Reached skill level 4 in Earth Magic
  2667 | D:3      | Learned a level 3 spell: Call Canine Familiar
  3006 | D:4      | Noticed Edmund
  3010 | D:4      | Reached XP level 5. HP: 38/38 MP: 7/10
  3058 | D:4      | Slain by a gnoll

Illustrated notes

Levels and vault maps discovered:
D:1:      lightli_arrival_isolated_outpost, layout_loops_corners,
          shapermc_ecumenical_altar_starsandcircs
D:2:      layout_rooms, guppyfry_early_orc_mine
D:3:      layout_basic, nicolae_overflow_ecumenical_swirl, serial_park_tiny_1
D:4:      layout_basic, mainiacjoe_overflow_boulevard,
          mainiacjoe_overflow_catch_the_wave, nicolae_shop_fire_sale
          [nicolae_sub_dead_trees], uniq_robin, uniq_edmund

Skill      XL: |  1  2  3  4 |
---------------+-------------+-----
Spellcasting   | 2 |  2.0
Conjurations   | 1 2 |  2.7
Earth Magic    | 3 4 |  4.0
Summonings     | 1 |  1.4
Fighting       | |  0.2
Dodging        | |  1.8
Stealth        | |  1.8
Transmutations | |  0.8

Action                     |  1- 3 |  4- 6 || total
---------------------------+-------+-------++-------
  Melee: Dagger            |       |     2 ||     2
   Cast: Sandblast         |    59 |    34 ||    93
         Stone Arrow       |       |     4 ||     4
    Use: Potion            |       |     1 ||     1
 Armour: Robe              |     1 |     1 ||     2
  Dodge: Dodged            |     5 |    20 ||    25
